 Dungeon Crawl Stone Soup version 0.19-a0-1907-gcff654f (webtiles) character file.

942 Ijustatesigmund the Magician (level 8, 0/68 HPs)
             Began as a Naga Wizard on Oct 21, 2016.
             Succumbed to a killer bee's poison
             ... on level 6 of the Dungeon.
             The game lasted 00:23:13 (6670 turns).

Ijustatesigmund the Magician (Naga Wizard)          Turns: 6670, Time: 00:23:14

Health: 0/68       AC:  4    Str: 10    XL:     8   Next: 12%
Magic:  16/16      EV:  9    Int: 19    God:
Gold:   174        SH:  3    Dex: 11    Spells: 4 memorised, 10 levels left

rFire  . . .     SeeInvis +     h - +4 flail (curse)
rCold  . . .     Gourm    .     a - +0 robe
rNeg   . . .     Faith    .     (no shield)
rPois  +         Spirit   .     i - +0 helmet
rElec  .         Reflect  +     (no cloak)
rCorr  .         Harm     .     (no gloves)
MR     +....                    (no barding)
Stlth  ++........               e - +3 amulet of reflection
                                (no ring)
                                (no ring)

@: lethally poisoned (0 -> -2), very slightly contaminated, repel missiles,
heavily drained, very slow
A: see invisible, deformed body, poison resistance, slowness 2, slow metabolism
1, spit poison 1, AC +2
a: Spit Poison


You were on level 6 of the Dungeon.
You were not hungry.

You visited 1 branch of the dungeon, and saw 7 of its levels.

You collected 289 gold pieces.
You spent 115 gold pieces at shops.

Inventory:

Hand Weapons
 h - a cursed +4 flail (weapon)
 l - a +0 flail
 o - a +0 quarterstaff of crushing
Missiles
 b - 3 tomahawks (quivered)
Armour
 a - a +0 robe (worn)
 i - a +0 helmet (worn)
 k - a +0 shield
 n - a +0 buckler
Jewellery
 e - a +3 amulet of reflection (around neck)
Scrolls
 g - 2 scrolls of remove curse
 m - 2 scrolls of identify
 r - a scroll of amnesia
Books
 c - a book of Minor Magic

   Spells                             Type                      Level
   a - Magic Dart                     Conjuration                  1
   b - Blink                          Translocation                2
   c - Call Imp                       Summoning                    2
   d - Repel Missiles                 Charms/Air                   2
   e - Slow                           Hexes                        2
   f - Conjure Flame                  Conjuration/Fire             3
   g - Mephitic Cloud                 Conjuration/Poison/Air       3
Comestibles
 d - 4 bread rations
 f - 7 meat rations
 j - 13 fruits


   Skills:
 + Level 2.3(0.4) Fighting
 + Level 1.5(0.0) Maces & Flails
 - Level 1.5(0.0) Dodging
 - Level 4.1(2.2) Stealth
 - Level 0.5(0.0) Shields
 - Level 5.7(3.6) Spellcasting
 - Level 3.6(1.6) Conjurations
   Level 1.0(0.0) Summonings
 - Level 2.5(0.6) Translocations
 - Level 3.0(1.1) Air Magic
 - Level 3.1(1.2) Poison Magic


You had 10 spell levels left.
You knew the following spells:

 Your Spells              Type           Power        Failure   Level  Hunger
a - Magic Dart            Conj           #...         10%         1    None
b - Blink                 Tloc           N/A          17%         2    ##.....
c - Repel Missiles        Chrm/Air       #.....       21%         2    ##.....
d - Mephitic Cloud        Conj/Pois/Air  #.......     28%         3    ###....


Dungeon Overview and Level Annotations

Branches:
Dungeon (7/15)
 Temple: D:4-7

Altars:
Fedhas
Uskayaw
Zin

Shops:
D:4 *

Annotations:
D:4 Nuatha's ghost, amateur SpAK


Innate Abilities, Weirdness & Mutations

You cannot wear boots.
Your serpentine skin is tough. (AC +2)
You have supernaturally acute eyesight. (SInv)
Armour fits poorly on your strangely shaped body.
Your system is resistant to poisons. (rPois)
You cover ground very slowly.
You have a slow metabolism.
You can spit poison.


Message History

* * * LOW HITPOINT WARNING * * *
The killer bee stings you.
* * * LOW HITPOINT WARNING * * *
Blink to where?
Press: ? - help, Dir - move target cursor You are very lightly contaminated with residual magic.
As you read the scroll of blinking, it crumbles to dust.
You aren't carrying any potions.
Unknown command.
* * * LOW HITPOINT WARNING * * *
You feel sick.
You climb upwards.
* * * LOW HITPOINT WARNING * * *
You feel sick.
There is a stone staircase leading down here.
* * * LOW HITPOINT WARNING * * *
You feel sick.
You aren't carrying any potions.
Unknown command.
You die...

### ..#
#.# #.#
#.# #.#
#.# #@#
#># ..z.
#.# #...
#.# #.
z... ..#
#.#
..#####
#.# .z.
#.# #.#
#.#####.#


There were no monsters in sight!

Vanquished Creatures
  2 sky beasts
  A necrophage (D:5)
  A scorpion (D:3)
  A wight (D:6)
  A killer bee (D:7)
  A hound (D:5)
  A jelly (D:6)
  A bullfrog skeleton (D:5)
  3 orc wizards (D:7)
  5 worker ants
  A hound zombie (D:3)
  A worker ant zombie (D:3)
  A howler monkey zombie (D:3)
  8 adders
  A shadow imp (D:6)
  An adder skeleton (D:3)
  5 worms
  5 dart slugs
  4 leopard geckos
  6 orcs
  A ball python (D:1)
  9 bats
  5 giant cockroaches
  6 goblins
  9 hobgoblins
  13 jackals
  2 quokkas
  8 frilled lizards
  11 kobolds
  2 quokka skeletons (D:5)
  9 rats
125 creatures vanquished.

Vanquished Creatures (others)
  A jelly (D:7)
1 creature vanquished.

Grand Total: 126 creatures vanquished

Notes
Turn   | Place    | Note
-------+----------+-------------------------------------------
     0 | D:1      | Ijustatesigmund the Naga Wizard began the quest for the Orb.
     0 | D:1      | Reached XP level 1. HP: 15/15 MP: 4/4
   218 | D:1      | Reached XP level 2. HP: 7/22 MP: 0/6
   222 | D:1      | Learned a level 2 spell: Blink
   225 | D:1      | Learned a level 2 spell: Repel Missiles
   899 | D:1      | Reached XP level 3. HP: 28/28 MP: 2/7
  1139 | D:1      | Learned a level 3 spell: Mephitic Cloud
  1434 | D:2      | Reached skill level 1 in Poison Magic
  1530 | D:2      | Reached XP level 4. HP: 21/36 MP: 0/8
  1643 | D:2      | Reached skill level 1 in Air Magic
  1895 | D:2      | Found a glowing silver altar of Zin.
  2056 | D:2      | Found a blossoming altar of Fedhas.
  2549 | D:3      | Reached XP level 5. HP: 41/42 MP: 0/9
  2787 | D:3      | Found a hide-covered altar of Uskayaw.
  3582 | D:3      | Reached XP level 6. HP: 49/49 MP: 8/10
  4375 | D:4      | Noticed Nuatha's ghost (amateur SpAK)
  4418 | D:5      | Entered Level 5 of the Dungeon
  4890 | D:5      | Noticed a sky beast
  4907 | D:5      | Killed a sky beast
  4907 | D:5      | Reached skill level 4 in Spellcasting
  4907 | D:5      | Reached XP level 7. HP: 40/55 MP: 8/13
  5132 | D:5      | Reached skill level 5 in Spellcasting
  5478 | D:4      | Found Vuly's General Store.
  5486 | D:4      | Bought a scroll of identify for 20 gold pieces
  5486 | D:4      | Bought a scroll of blinking for 75 gold pieces
  5486 | D:4      | Bought a scroll of identify for 20 gold pieces
  5815 | D:6      | Reached skill level 1 in Fighting
  6413 | D:7      | Reached XP level 8. HP: 52/64 MP: 7/16
  6428 | D:7      | Reached skill level 1 in Maces & Flails
  6664 | D:7      | HP: 3/68 [killer bee (2)]
  6668 | D:6      | HP: 1/68 [poisoned by a killer bee]
  6670 | D:6      | Succumbed to a killer bee's poison

Vault maps used:
D:1:      onia_arrival_pyramid
D:2:      old_standard_altar, fedhas_altar_fruit_tree
D:3:      serial_undead, serial_undead_d, serial_undead_a, serial_undead_b,
          serial_undead_e, first_bread, corexii_shack, lemuel_tele_altar
D:4:      nicolae_ru_path_of_blood, serial_shops, shop, roderic_lattice_a
D:5:      lemuel_upstairs_altar, kennysheep_generic_room_15
D:6:      kennysheep_generic_room_7, uniq_crazy_yiuf_cottage
D:7:      enter_bailey_2, the_bakery, elyvilon_altar_4

Skill      XL: |  1  2  3  4  5  6  7  8 |
---------------+-------------------------+-----
Conjurations   | 2 3 |  3.6
Translocations | 2 |  2.5
Poison Magic   | 1 2 3 |  3.1
Air Magic      | 1 2 3 |  3.0
Stealth        | 4 |  4.1
Spellcasting   | 4 5 |  5.7
Fighting       | 1 2 |  2.3
Maces & Flails | 1 |  1.5
Dodging        | |  1.5
Shields        | |  0.5
Summonings     | |  1.0

Action                   |  1- 3 |  4- 6 |  7- 9 || total
-------------------------+-------+-------+-------++-------
Melee: Dagger            |     5 |       |       ||     5
       Whip              |    22 |    48 |       ||    70
       Flail             |       |    55 |    21 ||    76
       Quarterstaff      |       |     6 |    60 ||    66
Throw: Tomahawk          |       |       |     2 ||     2
 Cast: Magic Dart        |    72 |   189 |    50 ||   311
       Repel Missiles    |     1 |       |       ||     1
       Mephitic Cloud    |       |     1 |     2 ||     3
       Blink             |       |       |     3 ||     3
 Abil: Spit Poison       |     6 |     5 |     4 ||    15
  Use: Scroll            |     4 |     5 |     4 ||    13
       Potion            |     1 |       |     5 ||     6
 Stab: Confused          |       |     1 |     2 ||     3
       Sleeping          |       |     1 |       ||     1
  Eat: Chunk             |     1 |     9 |     3 ||    13
       Fruit             |       |       |     2 ||     2
Armor: Robe              |    14 |    45 |    32 ||    91
Dodge: Dodged            |    38 |    77 |    62 ||   177
       Deflected         |       |     3 |       ||     3
Block: Other             |       |     9 |    13 ||    22
       Shield            |       |     6 |       ||     6
